 Dungeon Crawl Stone Soup version 0.28-a0-863-g8cecda6153 (webtiles) character file.

Game seed: 13651581859384940107

2461 siradein the Cleaver (level 9, -2/80 (82) HPs)
             Began as a Hill Orc Fighter on Nov 20, 2021.
             Slain by a komodo dragon (24 damage)
             ... on level 7 of the Dungeon.
             The game lasted 00:15:29 (9739 turns).

siradein the Cleaver (Hill Orc Fighter)             Turns: 9739, Time: 00:15:29

HP:   -2/80 (82)    AC: 10    Str: 21    XL:     9   Next: 50%
MP:   9/9           EV:  8    Int:  8    God:
Gold: 484           SH:  5    Dex: 11    Spells: 8/8 levels left

rFire   . . .      SeeInvis .   E - +1 whip (venom)
rCold   . . .      Faith    .   c - +0 buckler
rNeg    . . .      Spirit   .   B - +0 chain mail
rPois   .          Reflect  .   (no helmet)
rElec   .          Harm     .   m - scarf {repulsion}
rCorr   .          Rampage  .   (no gloves)
Will    .....                   (no boots)
Stlth   ..........              (no amulet)
HPRegen 0.23/turn               (no ring)
MPRegen 0.11/turn               (no ring)

@: lightly drained, repel missiles
A: no striking features
a: no special abilities


You were on level 7 of the Dungeon.
You visited 1 branch of the dungeon, and saw 8 of its levels.

You collected 484 gold pieces.

Inventory:

Hand Weapons
 a - a +3 trident
 r - a +1 hand axe of freezing
 z - a +1 vorpal spear
 E - a +1 whip of venom (weapon)
 F - a +2 whip of flaming
Missiles
 l - 176 stones
 u - a boomerang of dispersal
 D - 16 poisoned darts (quivered)
 H - 3 javelins
Armour
 c - a +0 buckler (worn)
 m - a scarf of repulsion (worn)
 B - a +0 chain mail (worn)
Jewellery
 j - a +6 ring of intelligence
Wands
 y - a wand of digging (1)
 C - a wand of polymorph (12)
Scrolls
 e - 4 scrolls of teleportation {unknown}
 i - 6 scrolls of identify {unknown}
 n - 2 scrolls of vulnerability {unknown}
 o - 5 scrolls of enchant weapon {unknown}
 p - a scroll of acquirement {unknown}
 q - a scroll of blinking {unknown}
 s - 2 scrolls of fog {unknown}
 t - 3 scrolls of magic mapping {unknown}
 v - 3 scrolls of enchant armour {unknown}
 G - a scroll of brand weapon {unknown}
Potions
 b - a potion of magic {unknown}
 d - a potion of might
 f - 2 potions of curing {unknown}
 g - a potion of attraction {unknown}
 h - 2 potions of lignification {unknown}
 k - a potion of resistance {unknown}
 w - 3 potions of flight {unknown}
 x - 2 potions of degeneration {unknown}
 A - 2 potions of heal wounds {unknown}


   Skills:
 + Level 8.4 Fighting
 + Level 8.6 Axes
 + Level 7.6 Armour
 + Level 7.6 Shields


You had 8 spell levels left.
You didn't know any spells.
Your spell library contained the following spells:

 Spells                   Type           Power      Damage    Failure   Level
 Ensorcelled Hibernation  Hex/Ice        0%         N/A       99%         2
 Spider Form              Tmut/Pois      0%         N/A       100%        3


Dungeon Overview and Level Annotations

Branches:
Dungeon (8/15)             Temple (0/1) D:4
   Lair: D:8-11

Altars:
Kikubaaqudgha
Okawaru
Trog

Shops:
D:1 :   D:6 (


Message History

Things that are here:
a +0 spear; a +0 robe You see here a bullfrog corpse.
There is a stone staircase leading up, spattered with blood here.
The komodo dragon bites you.
You climb upwards.
There is a stone staircase leading down here.
There is an open door here.
The komodo dragon hisses menacingly.
The komodo dragon barely misses you. You block the komodo dragon's attack.
Your +1 hand axe of freezing stops glowing.
Your +1 whip of venom begins to drip with poison!
E - a +1 whip of venom (weapon)
There is an open door here.
You hit the komodo dragon.
The komodo dragon is poisoned.
The komodo dragon is lightly wounded.
The komodo dragon bites you!
Things that are here:
a +0 robe; a +3 falchion
There is an open door, spattered with blood here.
Things that are here:
16 arrows; a +3 shortbow You whack the komodo dragon!
The komodo dragon is heavily wounded.
You block the komodo dragon's attack.
The komodo dragon looks more healthy.
You completely miss the komodo dragon.
The komodo dragon is heavily wounded.
The komodo dragon bites you!
* * * LOW HITPOINT WARNING * * *
The komodo dragon bites you but does no damage.
Throw: 17 darts (poison)
Press: ? - help, Q - select action, (/) - cycle Shift-Dir - straight line, f - komodo dragon
Aim: a komodo dragon (heavily wounded, 68% to hit)
You throw a poisoned dart.
The poisoned dart barely misses the komodo dragon.
Unknown command.
The komodo dragon bites you!!
You die...

#.....#######
#...........#
#...........#
#...........#
#...........#
########
#...........#
#......#
#..<........#
###....#
#...........#
..##...#
#..@........#
...#...#
#..l........#
##.##..#
#...........#
....#..#
#...........#
....#..#
#...........#
_...#..#
#...........#
....#..#
#...........#
....#..#
#........[..#
##.##..#
#...........#


You could see a komodo dragon.

Vanquished Creatures
  Sigmund (D:6)
  A steam dragon (D:7)
  2 water moccasins (D:7)
  An orc warrior (D:7)
  2 sky beasts
  3 necrophages
  A centaur (D:7)
  A phantom (D:5)
  3 bullfrogs
  A water moccasin zombie (D:7)
  2 scorpions (D:6)
  A wyvern skeleton (D:7)
  A water moccasin skeleton (D:5)
  5 wights
  A bullfrog zombie (D:7)
  A centaur zombie (D:7)
  3 jellies
  A centaur skeleton (D:7)
  2 hounds
  An iguana (D:5)
  5 orc wizards
  A hound zombie (D:5)
  3 adders
  2 white imps
  2 ufetubi (D:5)
  An adder skeleton (D:4)
  2 worms
  A dart slug (D:4)
  25 orcs
  5 endoplasms
  4 giant cockroaches
  6 goblins
  5 hobgoblins
  7 jackals
  3 quokkas
  6 ball pythons
  5 bats (D:2)
  7 frilled lizards
  6 kobolds
  4 rats
134 creatures vanquished.

Vanquished Creatures (others)
  44 fungi (D:8)
  51 plants
95 creatures vanquished.

Grand Total: 229 creatures vanquished

Notes
Turn   | Place    | Note
-------+----------+-------------------------------------------
     0 | D:1      | siradein the Hill Orc Fighter began the quest for the Orb.
     0 | D:1      | Reached XP level 1. HP: 19/19 MP: 1/1
   374 | D:1      | Found Qufumeov's Book Emporium.
   387 | D:1      | Reached XP level 2. HP: 23/27 MP: 2/2
  1225 | D:2      | Reached XP level 3. HP: 33/33 MP: 3/3
  2051 | D:2      | Reached XP level 4. HP: 17/40 MP: 4/4
  2849 | D:4      | Reached XP level 5. HP: 47/47 MP: 5/5
  2866 | D:4      | Noticed a necrophage
  2874 | D:4      | Killed a necrophage
  2875 | D:4      | Reached skill level 5 in Fighting
  2941 | D:4      | Reached XP level 6. HP: 47/56 MP: 6/6
  3135 | D:4      | Found a staircase to the Ecumenical Temple.
  3325 | D:5      | Entered Level 5 of the Dungeon
  3794 | D:5      | Reached skill level 5 in Axes
  3936 | D:5      | Reached skill level 5 in Armour
  3936 | D:5      | Reached skill level 5 in Shields
  3936 | D:5      | Reached XP level 7. HP: 60/62 MP: 7/7
  4016 | D:5      | Found an iron altar of Okawaru.
  4515 | D:6      | Noticed Sigmund
  4868 | D:6      | Killed Sigmund
  5370 | D:6      | Reached XP level 8. HP: 47/71 MP: 8/8
  5679 | D:6      | Found Mimust's Weapon Shop.
  7540 | D:7      | Reached XP level 9. HP: 51/65 MP: 9/9
  8845 | D:7      | Found a bloodstained altar of Trog.
  8875 | D:7      | Found an ancient bone altar of Kikubaaqudgha.
  9622 | D:8      | Noticed a komodo dragon
  9739 | D:7      | Slain by a komodo dragon

Illustrated notes

Levels and vault maps discovered:
D:1:      dpeg_arrival_water_temple_mockup, layout_loops_ring, serial_shops,
          nicolae_square_shop, nicolae_figureground_sparkle
D:2:      layout_basic, kennysheep_pointless_box
D:3:      layout_rooms
D:4:      layout_rooms, minmay_temple_entry_statues_fountains
D:5:      layout_basic, okawaru_ov_weapons_minmay, kennysheep_path_1,
          st_stairs_8, serial_bayou_lake_a
D:6:      layout_loops_cross, serial_shops, nicolae_shop_waterfront,
          uniq_sigmund
D:7:      layout_gridville, mainiacjoe_overflow_two_lobes
D:8:      layout_basic, due_lair_maze_entry_diamond, serial_corexii_hall,
          chequers_hall_statues_y, corexii_hall_statues_i, special_room
          [special_room_orc], kennysheep_generic_room_11, uniq_joseph, uniq_grum

Skill      XL: |  1  2  3  4  5  6  7  8  9 |
---------------+----------------------------+-----
Axes           | 3 4 5 6 7 8 |  8.6
Fighting       | 4 5 6 7 8 |  8.4
Shields        | 4 5 6 7 |  7.6
Armour         | 4 5 6 7 |  7.6

Action                   |  1- 3 |  4- 6 |  7- 9 || total
-------------------------+-------+-------+-------++-------
Melee: War axe           |   107 |   139 |    98 ||   344
       Spear             |       |       |    92 ||    92
       Hand axe          |       |       |   102 ||   102
       Whip              |       |       |    48 ||    48
       Trident           |       |       |    29 ||    29
Throw: Dart              |       |       |     7 ||     7
Armor: Scale mail        |    45 |    16 |       ||    61
       Chain mail        |       |    61 |   154 ||   215
Dodge: Dodged            |    53 |    55 |   114 ||   222
       Repelled          |       |     2 |     6 ||     8
Block: Buckler           |    25 |    26 |    75 ||   126

Table legend: (Time is in decaauts)
 A = Elapsed time spent in this place.
 B = Non-inter-level travel time spent in this place.
 C = Inter-level travel time spent in this place.
 D = Time resting spent in this place.
 E = Time spent auto-exploring this place.
 F = Levels seen in this place.
 G = Mean time per level.
                   A        B        C        D        E       F      G
               +--------+--------+--------+--------+--------+-----+--------+
         Total |   9896 |   9660 |    236 |   1582 |   6131 |   8 | 1237.0 |
       Dungeon |   9896 |   9660 |    236 |   1582 |   6131 |   8 | 1237.0 |
               +--------+--------+--------+--------+--------+-----+--------+

Top non-repeatable levels by time:
     D:6: 2708 daAuts
     D:7: 2065 daAuts
     D:5: 1352 daAuts
     D:2: 1108 daAuts
     D:1: 1095 daAuts
     D:3: 617 daAuts
     D:4: 575 daAuts
     D:8: 371 daAuts
